Unix NetHack Version 5.0.0-0 post-release - last build May  4 2026 22:22:43 (774f63e81ad911689b3a0859ea89b322d5daca8d,branch:main).

Game began 2026-05-05 06:30:44, ended 2026-05-05 06:52:44.

7spoons, chaotic male human Rogue

 --------
 |!!!!!.|      -----------
 |!!!!!.| #####-.........|       -----
 |!!].!.@##    |..........#      |...|                             ---------
 |!!!!@m|      |.........|##     |...|                             |.......|
 |!!!!..|      |.........| ######....-###########################`#........|
 |!!!!!.|      |.....>...|       --.--      #########           ###|..(..<.|
 --------      -----------###################  -----.-          #  ---------
              #############          #        #....(.|          #
                                     #     ####|.....|     ######
                                   --.--  ##   |.....|  ####
                                   |...-###    |..:..|  #
                                   |..{|       |....^|  #
                                   |....       ......-###
                                   -----       -------

7spoons the Footpad     St:16 Dx:17 Co:14 In:10 Wi:8 Ch:10  Chaotic
Dlvl:2  $:9  HP:0(12) Pw:2(2) AC:7  Xp:1 T:1126 

Latest messages:
 The little dog bites the newt.
 The newt is killed!
 The little dog misses the newt.
 The little dog misses the newt.
 The little dog misses the newt.
 The little dog misses the newt.
 The little dog bites it.
 It bites the little dog.
 The little dog misses it.
 The little dog bites it.
 "Hello, 7spoons!  Welcome again to Hradec Kralove's liquor emporium!"
 The little dog picks up a bubbly potion.
 The little dog drops a bubbly potion.
 You see here a potion of sickness (for sale, 67 zorkmids).
 You find a small mimic.
 The little dog picks up a bubbly potion.
 The small mimic hits!
 You do not owe Hradec Kralove anything.
 The small mimic hits!
 You stop.  Your little dog is in the way!
 You hear the chime of a cash register.
 You swap places with your little dog.
 You swap places with your little dog.
 You swap places with your little dog.
 You hear the splashing of a naiad.
 The little dog bites it.
 It misses the little dog.
 The little dog bites it.
 Your little dog eats a goblin corpse.
 You swap places with your little dog.
 You swap places with your little dog.
 What do you want to throw? [$b or ?*] b
 In what direction? 1
 You hear someone cursing shoplifters.
 b - a +0 dagger (alternate weapon; not wielded) (14 in total).
 w - a bubbly potion.
 You find a small mimic.
 The small mimic hits!
 "Hello, 7spoons!  Welcome again to Hradec Kralove's liquor emporium!"
 You stop.  Your little dog is in the way!
 You swap places with your little dog.
 "Hello, 7spoons!  Welcome again to Hradec Kralove's liquor emporium!"
 The small mimic hits!
 You die...
 Hradec Kralove gratefully inherits all your possessions.
 Do you want to see what you had when you died? [ynq] (y) y
 Do you want to see your attributes? [ynq] (y) n
 Do you want an account of creatures vanquished? [ynaq] (y) n
 Do you want to see your conduct and achievements? [ynq] (y) n
 Do you want to see the dungeon overview? [ynq] (y) y

Inventory:
 Coins    ('$')
  $ - 9 gold pieces
 Weapons  (')')
  b - 14 +0 daggers (alternate weapons; not wielded)
  a - a +0 short sword (weapon in right hand)
 Armor    ('[')
  c - an uncursed +1 leather armor (being worn)
 Scrolls  ('?')
  j - an uncursed scroll of create monster
  m - a blessed scroll of teleportation
 Potions  ('!')
  w - an uncursed potion of sleeping
 Tools    ('(')
  f - an empty uncursed sack
  e - an uncursed lock pick

7spoons the Rogue's attributes:

Background:
 You were a Footpad, a level 1 male human Rogue.
 You were chaotic, on a mission for Kos
 who was opposed by Issek (lawful) and Mog (neutral).
 You were right-handed.
 You were in the Dungeons of Doom, on level 2.
 You entered the dungeon 1126 turns ago.
 You had 2 experience points, 18 more were needed to attain level 2.

Basics:
 You had 0 out of 12 hit points.
 You had both energy points (spell power).
 Your armor class was 7.
 Your wallet contained 9 zorkmids.
 Autopickup was off.

Final Characteristics:
 Your strength was 16 (limit:18/100).
 Your dexterity was 17 (limit:18).
 Your constitution was 14 (limit:18).
 Your intelligence was 10 (limit:18).
 Your wisdom was 8 (limit:18).
 Your charisma was 10 (limit:18).

Final Status:
 You weren't hungry.
 You were unencumbered.
 You were wielding a short sword.
 You had basic skill with short sword.

Final Attributes:
 You were devoutly aligned.
 You were stealthy.
 You were warded.
 You are dead.

Miscellaneous:
 You didn't encounter any bones levels.
 Total elapsed playing time was 21 minutes and 57 seconds.

Major events:
 Turn
    1: 7spoons the chaotic male human Rogue entered the dungeon
  733: found Mjollnir on the floor
 1126: killed by a small mimic

You didn't know any spells.

Skills:
 Fighting Skills
   bare handed combat [Unskilled]
   two weapon combat  [Unskilled]
   riding             [Unskilled]
 Weapon Skills
   dagger             [Basic]
   knife              [Unskilled]
   short sword        [Basic]
   broadsword         [Unskilled]
   long sword         [Unskilled]
   two-handed sword   [Unskilled]
   saber              [Unskilled]
   club               [Unskilled]
   mace               [Unskilled]
   morning star       [Unskilled]
   flail              [Unskilled]
   hammer             [Unskilled]
   polearms           [Unskilled]
   spear              [Unskilled]
   crossbow           [Unskilled]
   dart               [Unskilled]
   shuriken           [Unskilled]
 Spellcasting Skills
   divination spells  [Unskilled]
   escape spells      [Unskilled]
   matter spells      [Unskilled]

Voluntary challenges:
 Character rerolling was not enabled.
 You went without food.
 You were illiterate.
 You never genocided any monsters.
 You never polymorphed an object.
 You never changed form.
 You used no wishes.
Achievement:
 You entered a shop.

 The Dungeons of Doom: levels 1 to 3
    Level 1:
       Some fountains.
    Level 2: <- You were here.
       A potion shop, a fountain.
       Final resting place for
          you, killed by a small mimic.
    Level 3:


Vanquished creatures:
  2 jackals
  a fox
  3 goblins
  a sewer rat
  2 grid bugs
  a lichen
  7 newts
17 creatures vanquished.

No species were genocided or became extinct.

Game over:
                       ----------
                      /          \
                     /    REST    \
                    /      IN      \
                   /     PEACE      \
                  /                  \
                  |     7spoons      |
                  |       9 Au       |
                  |   killed by a    |
                  |   small mimic    |
                  |                  |
                  |                  |
                  |       2026       |
                 *|     *  *  *      | *
        _________)/\\_//(\/(/\)/\//\/|_)_______

Goodbye 7spoons the Rogue...

You died in The Dungeons of Doom on dungeon level 2 with 117 points,
and 9 pieces of gold, after 1126 moves.
You were level 1 with a maximum of 12 hit points when you died.

